General information
			
			
        
        - name: BNet
 
        - type: Ladder 1vs1/FFA
 
        - host: Battle.net
 
        - saver: sunhat
 
        
map: TurtleRock 
        - players: 2
 
        - length: 13:02
 
        - speed: Fast
 - version: 1.22 W3XP
 - replay type:  Public
 
» download(46 KB)
Players
        team 1 (loser) 
              
              
sunhat (
pink | 66 APM | 857 actions | 13:02)
              
 3 Blademaster 
 2 Wind Walk
 1 Critical Strike
 2 Shadow Hunter 
 1 Hex
 1 Healing Wave
 
                » actions 
                
                | Assign group hotkey | 11 |  | 
| Basic commands | 29 |  | 
| Build / train | 46 |  | 
| ESC pressed | 1 |  | 
| Enter build submenu | 13 |  | 
| Enter hero's abilities submenu | 5 |  | 
| Give item / drop item | 1 |  | 
| Right click | 386 |  | 
| Select / deselect | 204 |  | 
| Select group hotkey | 99 |  | 
| Use ability | 62 |  | 
                857 total
 » units 
                
                | Peon | 8 |  | 
| Grunt | 8 |  | 
| Raider | 3 |  | 
| Spirit Walker | 3 |  | 
                22 total
 » upgrades
                
                | Armor | 1 |  | 
| Ensnare | 1 |  | 
| Spirit Walker Training | 2 |  | 
| Berserker Strength | 1 |  | 
| Melee Weapons | 2 |  | 
                7 total
 » buildings
                
                | Altar of Storms | 1 |  | 
| Orc Burrow | 5 |  | 
| Barracks | 1 |  | 
| Voodoo Lounge | 1 |  | 
| Stronghold | 1 |  | 
| War Mill | 1 |  | 
| Beastiary | 1 |  | 
| Spirit Lodge | 1 |  | 
| Fortress | 1 |  | 
                13 total
 » build order
                00:09 Altar of Storms
00:15 Orc Burrow
00:41 Barracks
01:32 Orc Burrow
02:02 Voodoo Lounge
03:32 Stronghold
04:18 Orc Burrow
04:39 War Mill
06:04 Beastiary
06:16 Spirit Lodge
06:44 Orc Burrow
10:24 Fortress
10:30 Orc Burrow
» items
                
                | Healing Salve | 2 |  | 
| Lesser Clarity Potion | 2 |  | 
| Scroll of Town Portal | 1 |  | 
| Potion of Healing | 1 |  | 
                6 total
  
               team 2 (winner) 
              
              
plu (
purple | 154 APM | 2009 actions | 13:02)
              
 4 Death Knight 
 2 Death Coil
 1 Unholy Aura
 1 Death Pact
 2 Lich 
 1 Frost Nova
 1 Dark Ritual
 
                » actions 
                
                | Assign group hotkey | 35 |  | 
| Basic commands | 58 |  | 
| Build / train | 46 |  | 
| Enter build submenu | 22 |  | 
| Enter hero's abilities submenu | 8 |  | 
| Give item / drop item | 4 |  | 
| Right click | 823 |  | 
| Select / deselect | 216 |  | 
| Select group hotkey | 731 |  | 
| Use ability | 66 |  | 
                2009 total
 » units 
                
                | Acolyte | 4 |  | 
| Ghoul | 7 |  | 
| Crypt Fiend | 5 |  | 
| Obsidian Statue | 4 |  | 
                20 total
 » upgrades
                
                | Ghoul Frenzy | 1 |  | 
| Destroyer Form | 1 |  | 
                2 total
 » buildings
                
                | Crypt | 1 |  | 
| Altar of Darkness | 2 |  | 
| Ziggurat | 4 |  | 
| Tomb of Relics | 2 |  | 
| Halls of the Dead | 3 |  | 
| Graveyard | 1 |  | 
| Nerubian Tower | 1 |  | 
| Black Citadel | 1 |  | 
| Slaughterhouse | 1 |  | 
| Sacrificial Pit | 1 |  | 
                17 total
 » build order
                00:06 Crypt
00:10 Altar of Darkness
00:13 Altar of Darkness
00:25 Ziggurat
01:05 Tomb of Relics
01:32 Ziggurat
02:49 Halls of the Dead
02:49 Halls of the Dead
03:27 Graveyard
04:05 Ziggurat
05:06 Nerubian Tower
05:32 Black Citadel
05:33 Tomb of Relics
06:54 Slaughterhouse
07:32 Ziggurat
10:19 Sacrificial Pit
» items
                
                | Rod of Necromancy | 3 |  | 
| Orb of Corruption | 1 |  | 
| Scroll of Healing | 2 |  | 
| Scroll of Protection | 1 |  | 
| Potion of Lesser Invulnerability | 1 |  | 
                8 total
  
                Chat log
          (00:20 / All) sunhat: gl & hf =)
(00:28 / All) plu: gg gl
(13:00 / All) sunhat: augh i hate ud
(13:01 / All) sunhat: gg